 Dungeon Crawl Stone Soup version 0.19.4-9-g45fd643 (webtiles) character file.

7 Gorglomux the Sneak (level 2, 0/25 HPs)
             Began as a Naga Wizard on Feb 20, 2017.
             Slain by a hobgoblin
             ... wielding a cursed -2 club
              (3 damage)
             ... on level 1 of the Dungeon.
             The game lasted 00:01:12 (307 turns).

Gorglomux the Sneak (Naga Wizard)                    Turns: 307, Time: 00:01:13

Health: 0/25       AC:  1    Str:  9    XL:     2   Next: 4%
Magic:  5/6        EV: 10    Int: 18    God:
Gold:   0          SH:  0    Dex:  9    Spells: 1 memorised, 6 levels left

rFire  . . .     SeeInvis +     e - +0 whip
rCold  + . .     Gourm    .     a - +0 robe
rNeg   . . .     Faith    .     (no shield)
rPois  +         Spirit   .     b - +0 hat
rElec  .         Reflect  .     (no cloak)
rCorr  .         Harm     .     (no gloves)
MR     .....                    (no barding)
Stlth  ++........               (no amulet)
                                (no ring)
                                c - ring of protection from cold

@: very slow
A: see invisible, deformed body, poison resistance, slowness 2, slow metabolism
1, spit poison 1, AC +0
a: Spit Poison


You were on level 1 of the Dungeon.
You were not hungry.

You visited 1 branch of the dungeon, and saw 1 of its levels.

Inventory:

Hand Weapons
 e - a +0 whip (weapon)
Armour
 a - a +0 robe (worn)
 b - a +0 hat (worn)
Jewellery
 c - a ring of protection from cold (left hand)
Scrolls
 h - a scroll of identify {unknown}
Books
 f - a book of Minor Magic

   Spells                             Type                      Level
   a - Magic Dart                     Conjuration                  1
   b - Blink                          Translocation                2
   c - Call Imp                       Summoning                    2
   d - Repel Missiles                 Charms/Air                   2
   e - Slow                           Hexes                        2
   f - Conjure Flame                  Conjuration/Fire             3
   g - Mephitic Cloud                 Conjuration/Poison/Air       3
Comestibles
 d - a bread ration
 g - a chunk of flesh


   Skills:
 - Level 1.1 Fighting
 - Level 1.5 Dodging
 + Level 3.1 Stealth
 + Level 3.0 Spellcasting
 + Level 1.2 Conjurations
   Level 1.0 Summonings
   Level 1.0 Translocations


You had 6 spell levels left.
You knew the following spells:

 Your Spells              Type           Power        Failure   Level  Hunger
a - Magic Dart            Conj           #...         12%         1    None


Dungeon Overview and Level Annotations

Branches:
Dungeon (1/15)

Altars:


Innate Abilities, Weirdness & Mutations

You cannot wear boots.
Your serpentine skin is tough. (AC +0)
You have supernaturally acute eyesight. (SInv)
Armour fits poorly on your strangely shaped body.
Your system is resistant to poisons. (rPois)
You cover ground very slowly.
You have a slow metabolism.
You can spit poison.


Message History

You are too injured to fight recklessly!
Press: ? - help, Shift-Dir - straight line, f - leopard gecko
Aim: a leopard gecko (clinging)
The splash of poison hits the leopard gecko.
The leopard gecko is poisoned.
The leopard gecko is lightly wounded.
You feel slightly more hungry. The leopard gecko bites you.
The leopard gecko bites you.
* * * LOW HITPOINT WARNING * * *
You kill the leopard gecko!
You have reached level 2!
Casting: Magic Dart
Confirm with . or Enter, or press ? or * to list all spells.
Aiming: Magic Dart
Press: ? - help, Shift-Dir - straight line, f - hobgoblin
Aim: a hobgoblin, wielding a club The magic dart hits the hobgoblin.
You have got your breath back.
The hobgoblin hits you with a club.
You die...

#...# #...# ########
#...# .......#####...##
.......'........#
.......########.##
###...#########..#######
......'..............)..
###...##########@######.
#...# #g## ##### #..# #
#.......# # #.......#
#### !....!...# ...#
....###+### #.## ......
..# ......


You could see a hobgoblin.

Vanquished Creatures
  A leopard gecko (D:1)
  2 jackals (D:1)
  2 kobolds (D:1)
5 creatures vanquished.

Notes
Turn   | Place    | Note
-------+----------+-------------------------------------------
     0 | D:1      | Gorglomux the Naga Wizard began the quest for the Orb.
     0 | D:1      | Reached XP level 1. HP: 15/15 MP: 4/4
   110 | D:1      | Reached skill level 1 in Fighting
   306 | D:1      | Reached XP level 2. HP: 3/25 MP: 6/6
   307 | D:1      | Slain by a hobgoblin

Skill      XL: |  1 |
---------------+----+-----
Fighting       | 1 |  1.1
Dodging        | |  1.5
Stealth        | |  3.1
Spellcasting   | |  3.0
Conjurations   | |  1.2
Summonings     | |  1.0
Translocations | |  1.0

Action                   || total
-------------------------++-------
Melee: Whip              ||    10
 Cast: Magic Dart        ||     5
 Abil: Spit Poison       ||     2
Armor: Robe              ||     1
Dodge: Dodged            ||     8
